 Dungeon Crawl Stone Soup version 0.19.1 (console) character file.

82 OvidiusNaso the Shooter (level 4, 0/29 HPs)
             Began as a High Elf Hunter on Nov 26, 2016.
             Slain by a rat (1 damage)
             ... on level 3 of the Dungeon.
             The game lasted 00:11:01 (1432 turns).

OvidiusNaso the Shooter (High Elf Hunter)           Turns: 1432, Time: 00:11:02

Health: 0/29       AC:  5    Str: 14    XL:     4   Next: 21%
Magic:  5/5        EV: 12    Int: 14    God:
Gold:   135        SH:  0    Dex: 17    Spells: 0 memorised, 3 levels left

rFire  . . .     SeeInvis .     a - +1 shortbow
rCold  . . .     Gourm    .     w - +0 ring mail
rNeg   . . .     Faith    .     (shield currently unavailable)
rPois  .         Spirit   .     (no helmet)
rElec  .         Reflect  .     (no cloak)
rCorr  .         Harm     .     (no gloves)
MR     .....     Rnd*Tele +     (no boots)
Stlth  +.........               (no amulet)
                                q - +3 ring of strength
                                h - ring of teleportation (curse)

@: no status effects
A: no striking features
a: no special abilities


You were on level 3 of the Dungeon.
You were not hungry.

You visited 1 branch of the dungeon, and saw 3 of its levels.

You collected 135 gold pieces.

Inventory:

Hand Weapons
 a - a +1 shortbow (weapon)
 b - a +0 short sword
 j - a +0 short sword
 n - a +0 hunting sling
Missiles
 d - 79 arrows (quivered)
 v - 3 javelins
Armour
 c - a +0 leather armour
 w - a +0 ring mail (worn)
Jewellery
 h - a cursed ring of teleportation (left hand)
 q - a +3 ring of strength (right hand)
Scrolls
 g - 3 scrolls of identify {unknown}
 k - a scroll of immolation {unknown}
 m - a scroll of magic mapping {unknown}
 o - 2 scrolls of enchant weapon {unknown}
 p - a scroll of noise {unknown}
 s - 2 scrolls of remove curse {unknown}
Potions
 e - 3 potions of curing {unknown}
 i - a potion of resistance {unknown}
 l - a potion of lignification {unknown}
 t - a potion of degeneration {unknown}
 u - a potion of haste {unknown}
Comestibles
 f - 6 bread rations
 r - 2 meat rations


   Skills:
 - Level 2.2 Fighting
 + Level 1.2 Short Blades
 * Level 6.6 Bows
 + Level 3.2 Dodging
 - Level 1.1 Stealth


You had 3 spell levels left.
You didn't know any spells.

Dungeon Overview and Level Annotations

Branches:
Dungeon (3/15)

Altars:

Annotations:
D:3 Grinder


Message History

Orders for allies: a - Attack new target. p - Attack previous target. r - Retreat! s - Stop attacking. g - Guard the area. f - Follow me.
Anything else - Cancel.
You shout for attention!
The bat hits you but does no damage. x2
The hobgoblin hits you but does no damage.
The rat completely misses you. Grinder hits you.
* * * LOW HITPOINT WARNING * * *
What are your orders? t - Shout!
Orders for allies: a - Attack new target. p - Attack previous target. r - Retreat! s - Stop attacking. g - Guard the area. f - Follow me.
Anything else - Cancel.
You shout for attention!
The bat hits you but does no damage. The hobgoblin hits you.
* * * LOW HITPOINT WARNING * * *
The bat closely misses you. The rat bites you.
You die...

. . #.##....#
## . .. ##. .#
.. #.... ####
##..[.#...##
##.....(....##
g.....(......#
.......(.....#
.......(.....#
.....(b5....#
#(b@....#
#..r.g##.!#
..........#
........#...
........##...
.........
....#
......... ...#
.####.... ...#


You could see Grinder, 2 hobgoblins, 2 bats and a rat.

Vanquished Creatures
  Natasha (D:3)
  An adder (D:2)
  2 oozes
  2 dart slugs
  2 giant cockroaches
  3 goblins
  7 hobgoblins
  A quokka (D:2)
  5 bats
  5 frilled lizards
  4 kobolds
  4 rats
37 creatures vanquished.

Notes
Turn   | Place    | Note
-------+----------+-------------------------------------------
     0 | D:1      | OvidiusNaso the High Elf Hunter began the quest for the Orb.
     0 | D:1      | Reached XP level 1. HP: 14/14 MP: 2/2
   240 | D:1      | Reached XP level 2. HP: 19/19 MP: 3/3
   496 | D:1      | Reached skill level 6 in Bows
   689 | D:2      | Reached XP level 3. HP: 24/24 MP: 4/4
  1302 | D:3      | Noticed Natasha
  1309 | D:3      | Killed Natasha
  1309 | D:3      | Reached skill level 1 in Short Blades
  1309 | D:3      | Reached XP level 4. HP: 27/29 MP: 5/5
  1418 | D:3      | Paralysed by Grinder for 4 turns
  1419 | D:3      | Noticed Grinder
  1432 | D:3      | HP: 1/29 [hobgoblin (3)]
  1432 | D:3      | Slain by a rat

Skill      XL: |  1  2  3 |
---------------+----------+-----
Bows           | 6 |  6.6
Dodging        | 3 |  3.2
Short Blades   | 1 |  1.2
Fighting       | |  2.2
Stealth        | |  1.1

Action                   |  1- 3 |  4- 6 || total
-------------------------+-------+-------++-------
Melee: Short sword       |    26 |       ||    26
 Fire: Shortbow          |    82 |    10 ||    92
 Stab: Sleeping          |     2 |       ||     2
  Eat: Chunk             |     1 |       ||     1
Armor: Leather armour    |    11 |       ||    11
       Ring mail         |       |    17 ||    17
Dodge: Dodged            |    42 |    17 ||    59
